 Dungeon Crawl Stone Soup version 0.31-a0-764-g8440623082 (webtiles) character file.

Game seed: 15626882105378146439

82719 GordonOverkill the Eclecticist (level 15, -10/138 HPs)
             Began as a Deep Elf Delver on Sept 15, 2023.
             Was a High Priest of Vehumet.
             Killed from afar by a war gargoyle (26 damage)
             ... with a spray of metal splinters
             ... on level 14 of the Dungeon.
             The game lasted 00:50:19 (31604 turns).

GordonOverkill the Eclecticist (Deep Elf Delver)   Turns: 31604, Time: 00:50:20

Health: -10/138    AC: 13    Str:  9    XL:     15   Next: 30%
Magic:  39/39      EV: 20    Int: 32    God:    Vehumet [*****.]
Gold:   1939       SH:  0    Dex: 19    Spells: 25/50 levels left

rFire   . . .        h - +9 dagger of Peril {venom, Will+}
rCold   . . .        z - orb of the Nexus {*channel, +Blink Fly rCorr Dex+3}
rNeg    . . .        i - +1 robe "Dybb" {+Blink}
rPois   .            T - +2 hat {Int+3}
rElec   .            x - +1 cloak
rCorr   +            t - +2 pair of gloves
SInv    .            b - +2 pair of boots
Will    ++...        (no amulet) Stlth
                     s - +5 ring of evasion
HPRegen 0.43/turn    N - +6 ring of intelligence
MPRegen 0.26/turn

%: channel magic (20%)
@: berserking (expiring), flying, very quick
A: no striking features
a: Renounce Religion, Evoke Blink


You were on level 14 of the Dungeon.
You worshipped Vehumet.
Vehumet was extremely pleased with you.
You visited 3 branches of the dungeon, and saw 20 of its levels.
You also visited: Bailey.

You collected 1939 gold pieces.

Inventory:

Hand Weapons
 h - the +9 dagger of Peril (weapon) {venom, Will+}
   (You found it on level 4 of the Dungeon)

   Will+:     It increases your willpower.
 Q - the +1 long sword of Past Mistakes {heavy, rC+ SInv}
   (You found it on level 2 of the Lair of Beasts)

   rC+:       It protects you from cold.
   SInv:      It lets you see invisible.
Missiles
 u - 2 throwing nets
 v - 17 boomerangs
 D - 32 poisoned darts
 F - 2 curare-tipped darts (quivered)
Armour
 b - a +2 pair of boots (worn)
 i - the +1 robe "Dybb" (worn) {+Blink}
   (You found it on level 5 of the Dungeon)

   +Blink:    It lets you blink.
 r - +0 fire dragon scales
 t - a +2 pair of gloves (worn)
 x - a +1 cloak (worn)
 z - the orb of the Nexus (worn) {*channel, +Blink Fly rCorr Dex+3}
   (You found it on level 13 of the Dungeon)

   Dex+3:     It affects your dexterity (+3).
   Fly:       It grants you flight.
   +Blink:    It lets you blink.
   rCorr:     It protects you from acid and corrosion.
 E - a +0 buckler
 T - a +2 hat of intelligence (worn)
Magical Staves
 m - a staff of earth
Jewellery
 s - a +5 ring of evasion (left hand)
 y - a +5 ring of evasion
 M - a ring of fire
 N - a +6 ring of intelligence (right hand)
 V - a +4 ring of protection
 Z - a ring of protection from cold
Wands
 a - a wand of mindburst (11)
 g - a wand of digging (3)
 o - a wand of charming (44)
 H - a wand of roots (14)
 K - a wand of polymorph (13)
 R - a wand of light (7)
 X - a wand of flame (13)
Scrolls
 c - 4 scrolls of fog
 e - 10 scrolls of teleportation
 l - 2 scrolls of fear
 p - 3 scrolls of amnesia
 q - 5 scrolls of identify
 A - 6 scrolls of vulnerability
 B - a scroll of revelation
 C - 2 scrolls of blinking
Potions
 d - a potion of resistance
 f - 5 potions of haste
 j - 7 potions of curing
 k - a potion of mutation
 w - a potion of might
 G - 3 potions of heal wounds
 J - 3 potions of enlightenment
 L - 3 potions of brilliance
 O - a potion of ambrosia
 S - 2 potions of lignification
 U - a potion of invisibility
Miscellaneous
 W - a phantom mirror


   Skills:
 - Level 10.0 Fighting
 - Level 5.0 Short Blades
 - Level 5.0 Dodging
 - Level 6.0 Stealth
 - Level 6.0 Shields
 - Level 18.0 Spellcasting
 - Level 2.0 Conjurations
 - Level 3.0 Translocations
 - Level 18.0 Ice Magic
 - Level 2.0 Air Magic
 + Level 8.8 Earth Magic
 - Level 4.0 Evocations


You had 25 spell levels left.
You knew the following spells:

 Your Spells              Type           Power      Damage    Failure   Level
a - Ozocubu's Armour      Ice            97%        N/A       1%          3
b - Blink                 Tloc           96%        N/A       3%          2
c - Ozocubu's Refrigerat  Ice            48%        4d18      1%          7
d - Freezing Cloud        Conj/Ice/Air   33%        6-21      2%          5
e - Lehudib's Crystal Sp  Conj/Erth      29%        10d8      95%         8

Your spell library contained the following spells:

 Spells                   Type           Power      Damage    Failure   Level
 Iskenderun's Battlesphe  Conj           41%        2d9       10%         5
 Stone Arrow              Conj/Erth      100%       3d13      1%          3
 Necrotise                Necr           100%       1d9       6%          1
 Cigotuvi's Dreadful Rot  Necr/Pois/Air  66%        N/A       7%          2
 Animate Armour           Summ/Erth      100%       N/A       9%          4
 Manifold Assault         Tloc           48%        N/A       12%         4
 Vampiric Draining        Necr           28%        2d8       13%         3
 Dispel Undead            Necr           28%        3d13      30%         4
 Summon Forest            Summ/Tloc      19%        N/A       41%         5
 Agony                    Necr           28%        N/A       58%         5
 Summon Mana Viper        Hex/Summ       28%        N/A       58%         5
 Death Channel            Necr           14%        N/A       97%         6
 Summon Cactus Giant      Summ           14%        N/A       97%         6


Dungeon Overview and Level Annotations

Branches:
Dungeon (14/15)            Temple (1/1) D:5            Lair (5/5) D:10
 Shoals (0/4) Lair:2       Spider (0/4) Lair:3        Slime (0/5) Lair:5
    Orc (0/2) D:10         Vaults (0/5) D:14         Bailey (visited)

Altars:
Ashenzari
Cheibriados
Dithmenos
Elyvilon
Fedhas
Gozag
Hepliaklqana
Kikubaaqudgha
Makhleb
Nemelex Xobeh
Okawaru
Qazlal
Ru
Sif Muna
Trog
Uskayaw
Vehumet
Wu Jian
Xom
Yredelemnul
Zin
The Shining One
Jiyva

Portals:
Trove: D:11 (give +4 fire dragon scales)

Annotations:
D:10 exclusion: door
D:14 3 runed translucent doors, Couluus's ghost, journeyman MiBe
Lair:1 1 runed translucent door


Message History

The spray of metal splinters hits you!!!
What are your orders? t - Shout!
Anything else - Cancel.
Okay, then.
You barely miss the war gargoyle. The war gargoyle completely misses you.
You hit the war gargoyle but do no damage.
You hit the war gargoyle.
The war gargoyle is lightly damaged.
The war gargoyle hits you with a +8 morningstar of protection!
* * * LOW HITPOINT WARNING * * *
You hit the war gargoyle but do no damage.
The war gargoyle is lightly damaged.
The war gargoyle completely misses you.
You hit the war gargoyle but do no damage.
The war gargoyle launches metal splinters at you.
The spray of metal splinters misses you.
You hit the war gargoyle but do no damage.
You barely miss the war gargoyle. The war gargoyle closely misses you.
You hit the war gargoyle but do no damage.
You completely miss the war gargoyle.
The war gargoyle hits you with a +8 morningstar of protection!
* * * LOW HITPOINT WARNING * * *
You hit the war gargoyle.
The war gargoyle is lightly damaged.
The war gargoyle hits you with a +8 morningstar of protection!!
* * * LOW HITPOINT WARNING * * *
You hit the war gargoyle but do no damage.
The war gargoyle is lightly damaged.
The war gargoyle launches metal splinters at you.
The spray of metal splinters hits you!!
* * * LOW HITPOINT WARNING * * *
You hit the war gargoyle.
The war gargoyle is lightly damaged.
The war gargoyle hits you with a +8 morningstar of protection!!
* * * LOW HITPOINT WARNING * * *
You hit the war gargoyle but do no damage.
The war gargoyle is lightly damaged.
The war gargoyle launches metal splinters at you.
The spray of metal splinters hits you!!
You die...

.## #...######.##........'..##...
.# #..........##........##..'...
## #........####........#####...
#........# ######'#### #...
##.####### #<.....# ##'# #.#
#.###### #.. #.#### ##.##########
##. #....# #...9.......## ##
#########'#####.@...........#####
.##..........##...........#......
..'......)...##...........#......
###.......................#......
#..........##...........##....9
########'####...........#######
#..# #...........# # ##.#
#......... ### #.# ######### #..


You could see a war gargoyle (catching breath).

Vanquished Creatures
  2 fire dragons
  5 hydras
  A death knight (D:14)
  3 centaur warriors
  A catoblepas (Lair:1)
  5 two-headed ogres
  3 boulder beetles
  2 tengu warriors
  A death yak (Lair:1)
  3 skysharks
  Amaemon (Lair:1)
  A flayed ghost (D:10)
  A skeletal warrior (D:12)
  3 lindwurms
  An orc knight (D:10)
  2 deep elf pyromancers
  2 oklob plants
  An ugly thing (D:10)
  6 manticores
  6 cyclopes
  A mana viper (shapeshifter) (D:13)
  9 elephants
  Maurice (D:12)
  A merfolk siren (Lair:2)
  3 black mambas
  An orange demon (Lair:1)
  6 torpor snails
  7 cane toads
  An unseen horror (shapeshifter) (D:10)
  7 komodo dragons
  A freezing wraith (D:14)
  2 unseen horrors
  An efreet (D:10)
  13 rime drakes
  7 trolls
  7 hornets (Lair:5)
  13 polar bears
  10 blink frogs
  2 raiju (Lair:5)
  3 tyrant leeches (Lair:5)
  14 slime creatures
  5 spriggans (Bailey)
  4 wraiths
  2 shadows (D:11)
  A vampire (D:12)
  58 yaks
  9 wyverns
  12 basilisks
  A human (Lair:1)
  3 steam dragons
  Menkaure (D:4)
  13 vampire mosquitoes
  A redback (Lair:3)
  4 wargs (Lair:5)
  4 acid dragons
  11 water moccasins
  Duvessa (D:7)
  13 black bears
  15 hell hounds (Lair:5)
  4 orc warriors
  2 sky beasts
  8 ogres (Bailey)
  3 ice beasts
  25 wolves
  26 centaurs
  3 kobold brigands
  14 bullfrogs
  A gnoll sergeant (D:10)
  A scorpion (D:6)
  7 wights
  Dowan (D:7)
  13 killer bees
  An electric eel (Lair:5)
  3 vampire bats (D:9)
  4 howler monkeys
  7 orc priests
  5 jellies
  4 hounds
  3 iguanas
  6 hell rats (Lair:4)
  5 orc wizards
  9 adders
  8 gnolls
  2 shadow imps
  A white imp (D:5)
  3 ufetubi
  A worm (D:5)
  33 orcs
  3 bat skeletons (D:9)
  4 bat zombies (D:9)
  7 endoplasms
  2 giant cockroaches
  12 goblins
  10 hobgoblins
  15 jackals
  3 quokkas
  9 ball pythons
  6 bats
  7 frilled lizards
  23 kobolds
  13 rats
635 creatures vanquished.

Vanquished Creatures (collateral kills)
  A freezing wraith (D:14)
1 creature vanquished.

Grand Total: 636 creatures vanquished

Notes
Turn   | Place    | Note
-------+----------+-------------------------------------------
     0 | D:5      | GordonOverkill the Deep Elf Delver began the quest for the
                  | Orb.
     0 | D:5      | Reached XP level 1. HP: 13/13 MP: 3/3
    15 | D:6      | Noticed a howler monkey
    24 | D:5      | Noticed a hound
    26 | D:6      | Noticed a hound
    27 | D:6      | Killed a hound
    28 | D:6      | Reached XP level 2. HP: 19/19 MP: 4/4
    28 | D:6      | Reached XP level 3. HP: 23/23 MP: 5/5
    58 | D:7      | Noticed a sky beast
   135 | D:4      | Identified the +9 dagger of Peril {venom, Will+}
   165 | D:4      | Reached skill level 1 in Spellcasting
   210 | D:5      | Found a staircase to the Ecumenical Temple.
   225 | D:5      | Reached XP level 4. HP: 21/28 MP: 7/7
   254 | D:5      | Identified the +1 robe "Dybb" {+Blink}
   293 | Temple   | Entered the Ecumenical Temple
   308 | Temple   | Became a worshipper of Vehumet
   399 | D:4      | Noticed Menkaure
   884 | D:3      | Reached XP level 5. HP: 29/32 MP: 8/8
   971 | D:2      | Found a glowing golden altar of the Shining One.
  1060 | D:2      | Reached * piety under Vehumet
  1060 | D:2      | Offered knowledge of Sandblast by Vehumet.
  1064 | D:2      | Reached skill level 5 in Short Blades
  1139 | D:1      | Reached skill level 1 in Evocations
  1351 | D:1      | Reached ** piety under Vehumet
  1351 | D:1      | Offered knowledge of Shock by Vehumet.
  2557 | D:3      | Offered knowledge of Dazzling Flash by Vehumet.
  2655 | D:3      | Reached XP level 6. HP: 37/37 MP: 12/12
  2657 | D:3      | Reached *** piety under Vehumet
  2658 | D:3      | Reached skill level 1 in Ice Magic
  2708 | D:3      | Found a bloodstained altar of Trog.
  3051 | D:4      | Killed Menkaure
  3317 | D:4      | Learned a level 3 spell: Ozocubu's Armour
  3320 | D:4      | Learned a level 2 spell: Blink
  3386 | D:5      | Reached XP level 7. HP: 41/41 MP: 13/13
  3391 | D:5      | Offered knowledge of Iskenderun's Mystic Blast by Vehumet.
  3402 | D:5      | Reached skill level 5 in Ice Magic
  4697 | D:6      | Found a shimmering blue altar of Sif Muna.
  5038 | D:7      | Noticed a troll
  5052 | D:6      | Reached XP level 8. HP: 38/46 MP: 14/14
  5312 | D:7      | Noticed Dowan
  5379 | D:7      | Noticed Duvessa
  5390 | D:7      | Killed Duvessa
  5391 | D:7      | Killed Dowan
  5495 | D:7      | Killed a troll
  5543 | D:7      | Reached skill level 10 in Ice Magic
  5836 | D:8      | Reached XP level 9. HP: 50/50 MP: 14/26
  5845 | D:8      | Learned a level 7 spell: Ozocubu's Refrigeration
  5925 | D:8      | Noticed a two-headed ogre
  5930 | D:8      | Killed a two-headed ogre
  5940 | D:8      | Reached XP level 10. HP: 41/56 MP: 13/28
  6183 | D:8      | Reached **** piety under Vehumet
  6194 | D:8      | Found a flagged portal.
  6203 | Bailey   | Entered a bailey
  6280 | Bailey   | Offered knowledge of Hailstorm by Vehumet.
  6440 | Bailey   | Identified the quicksilver dragon scales "Tuicusol" {+Inv
                  | rC- Will+ SInv}
  6545 | Bailey   | Noticed a two-headed ogre
  6547 | Bailey   | Killed a two-headed ogre
  7957 | D:9      | Reached skill level 15 in Ice Magic
  8780 | D:9      | Found an ancient bone altar of Kikubaaqudgha.
  9029 | D:9      | Found a hazy altar of Hepliaklqana.
  9031 | D:9      | Reached XP level 11. HP: 62/62 MP: 23/29
  9032 | D:9      | Noticed a two-headed ogre
  9046 | D:9      | Killed a two-headed ogre
  9047 | D:9      | Reached skill level 5 in Fighting
  9158 | D:9      | Reached ***** piety under Vehumet
  9158 | D:9      | Offered knowledge of Irradiate by Vehumet.
  9165 | D:9      | Reached skill level 1 in Shields
  9668 | D:10     | Entered Level 10 of the Dungeon
  9800 | D:10     | Found a staircase to the Orcish Mines.
  9989 | D:10     | Found a staircase to the Lair.
 10753 | D:10     | Reached skill level 5 in Shields
 10967 | D:10     | Noticed a green ugly thing
 10973 | D:10     | Killed a green ugly thing
 11133 | D:10     | Noticed a tengu warrior
 11137 | D:10     | Killed a tengu warrior
 11138 | D:10     | Noticed an orc knight
 11167 | D:10     | Killed an orc knight
 11318 | D:10     | Noticed a flayed ghost
 11322 | D:10     | Killed a flayed ghost
 11323 | D:10     | Reached XP level 12. HP: 65/70 MP: 19/31
 11440 | Lair:1   | Entered Level 1 of the Lair of Beasts
 11455 | Lair:1   | Noticed a catoblepas
 11458 | Lair:1   | Killed a catoblepas
 11593 | Lair:1   | Offered knowledge of Leda's Unmaking by Vehumet.
 12209 | Lair:1   | Reached skill level 15 in Spellcasting
 12263 | Lair:1   | Reached skill level 1 in Translocations
 12413 | Lair:1   | Noticed a death yak
 12417 | Lair:1   | Killed a death yak
 12487 | Lair:1   | Found a runed translucent door.
 12494 | Lair:1   | Noticed a vampire mage
 12651 | Lair:1   | Noticed Amaemon
 12681 | Lair:1   | Killed Amaemon
 12682 | Lair:1   | Reached skill level 5 in Dodging
 13452 | Lair:2   | Found a staircase to the Shoals.
 13915 | Lair:2   | Identified the +1 long sword of Past Mistakes {heavy, rC+
                  | SInv}
 15109 | Lair:3   | Reached XP level 13. HP: 74/74 MP: 9/34
 16175 | Lair:3   | Found a hole to the Spider Nest.
 16218 | Lair:3   | Identified the +1 plate armour of Xeak {Int+4}
 17537 | Lair:4   | Offered knowledge of Freezing Cloud by Vehumet.
 18964 | Lair:5   | Entered Level 5 of the Lair of Beasts
 19685 | Lair:5   | Found a staircase to the Slime Pits.
 19742 | Lair:5   | Reached skill level 10 in Fighting
 19862 | Lair:5   | Learned a level 5 spell: Freezing Cloud
 19961 | Lair:5   | Reached XP level 14. HP: 88/88 MP: 21/35
 21897 | Lair:5   | Offered knowledge of Iskenderun's Battlesphere by Vehumet.
 22872 | Lair:5   | Reached skill level 1 in Conjurations
 22872 | Lair:5   | Reached skill level 1 in Air Magic
 23241 | Lair:5   | Found a runed translucent door.
 23884 | D:10     | Learned a level 8 spell: Lehudib's Crystal Spear
 25391 | D:11     | Found a portal to a secret trove of treasure.
 26081 | D:12     | Noticed Maurice
 26085 | D:12     | Killed Maurice
 27155 | D:12     | Reached skill level 1 in Earth Magic
 28313 | D:13     | Reached skill level 5 in Earth Magic
 28313 | D:13     | Reached XP level 15. HP: 69/92 MP: 21/39
 28752 | D:13     | Identified the orb of the Nexus {*channel, +Blink Fly rCorr
                  | Dex+3}
 30229 | D:14     | Found a runed translucent gate.
 30230 | D:14     | Found a runed translucent gate.
 30232 | D:14     | Found a runed translucent gate.
 30235 | D:14     | Noticed Couluus's ghost (journeyman MiBe)
 30236 | D:14     | Noticed a rockslime
 30236 | D:14     | Noticed an acid blob
 30239 | D:14     | Found a viscous altar of Jiyva.
 31359 | D:14     | Found a gate to the Vaults.
 31604 | D:14     | Killed from afar by a war gargoyle

Illustrated notes

Levels and vault maps discovered:
D:1:      nzn_arrival_crosshair, layout_rooms
D:2:      layout_basic, basic_altar, serial_forest,
          infiniplex_forest_straight_2, infiniplex_forest_zigzag_2,
          infiniplex_forest_straight_2, infiniplex_forest_clump_medium,
          infiniplex_forest_lined_2, infiniplex_forest_lined_room_
D:3:      layout_loops_corners, trog_hazing_becter
D:4:      layout_cave_pools, uniq_menkaure
D:5:      layout_loops_ring, minmay_temple_entry_sparse_star, serial_rivers,
          chequers_serial_rivers_marsh, chequers_serial_rivers_micro_a,
          chequers_serial_rivers_micro_e, chequers_serial_rivers_large_b,
          chequers_serial_rivers_small_b, chequers_serial_rivers_small_b
D:6:      layout_basic, general_overflow_altar
D:7:      layout_cave_pools, uniq_duvessa
D:8:      layout_gridville, lightli_bailey_entry_fortress
D:9:      layout_small_grid, kennysheep_vampire_church,
          mainiacjoe_overflow_brackets
D:10:     minmay_sliced_demisemicircle, layout_irregular_city,
          hellmonk_lair_entry_icy, minmay_orc_entry_temple_small,
          minmay_lizard_king
D:11:     layout_rooms, enter_trove_6
D:12:     kennysheep_bubbly, layout_basic, uniq_maurice
D:13:     layout_grid_maze
D:14:     layout_roguey, hellmonk_vaults_attempted_burglary,
          hangedman_glass_teeth, serial_shops,
          nicolae_shop_temple_entry_statues_fountains, gammafunk_ghost_ooze
Temple:   regret_index_temple_chain_breaker
Lair:1:   layout_loops_ring, pdpol_lair_cabin_in_the_woods, uniq_amaemon
Lair:2:   layout_cave_pods, minmay_shoals_entry_lonely_mermaid, st_stairs_13,
          nicolae_quartered_pool_impasse, serial_bayou_shore_b
Lair:3:   layout_concentric_octagons, spider_nest_entry_webs
Lair:4:   layout_layer_cave, special_room [special_room_mythical_zoo],
          infiniplex_staircase_pool_2
Lair:5:   hangedman_lair_caniforms_friends, layout_small_grid, wormcave,
          nicolae_slime_entry_slimehenge, grunt_megastairs_1,
          lemuel_fruit_fields, serial_bayou_shore_a

Skill      XL: |  1  2  3  4  5  6  7  8  9 10 11 12 13 14 15 |
---------------+----------------------------------------------+-----
Fighting       | 3 4 6 10 | 10.0
Short Blades   | 4 5 |  5.0
Spellcasting   | 1 3 11 12 13 15 18 | 18.0
Evocations     | 2 4 |  4.0
Ice Magic      | 4 7 13 15 16 17 18 | 18.0
Shields        | 6 |  6.0
Translocations | 1 3 |  3.0
Dodging        | 5 |  5.0
Conjurations   | 2 |  2.0
Air Magic      | 2 |  2.0
Earth Magic    | 5 8 |  8.8
Stealth        | |  6.0

Action                     |  1- 3 |  4- 6 |  7- 9 | 10-12 | 13-15 || total
---------------------------+-------+-------+-------+-------+-------++-------
  Melee: Short sword       |     2 |       |       |       |       ||     2
         Dagger            |    12 |   207 |   109 |   101 |   115 ||   544
  Throw: Dart              |       |       |     6 |    10 |       ||    16
         Throwing net      |       |       |     1 |       |       ||     1
         Boomerang         |       |       |       |     1 |       ||     1
   Cast: Ozocubu's Refrige |       |       |     3 |   175 |   360 ||   538
         Freezing Cloud    |       |       |       |       |    55 ||    55
         Blink             |       |       |       |       |     1 ||     1
         Ozocubu's Armour  |       |       |       |       |     1 ||     1
  Evoke: Wand              |       |       |       |     2 |     5 ||     7
    Use: Scroll            |       |     5 |     2 |     1 |    23 ||    31
         Potion            |       |       |     1 |       |     3 ||     4
   Stab: Sleeping          |     3 |    17 |     4 |     6 |     1 ||    31
         Distracted        |       |     2 |       |       |     1 ||     3
         Held in net/web   |       |       |     1 |       |       ||     1
 Armour: Leather armour    |     4 |       |       |       |       ||     4
         Robe              |       |    78 |     9 |    58 |    98 ||   243
         Scale mail        |       |       |    33 |       |       ||    33
  Dodge: Dodged            |     9 |   102 |    71 |    83 |   135 ||   400
  Block: Buckler           |       |       |     2 |    32 |    29 ||    63

Table legend: (Time is in decaauts)
 A = Elapsed time spent in this place.
 B = Non-inter-level travel time spent in this place.
 C = Inter-level travel time spent in this place.
 D = Time resting spent in this place.
 E = Time spent auto-exploring this place.
 F = Levels seen in this place.
 G = Mean time per level.
                   A        B        C        D        E       F      G
               +--------+--------+--------+--------+--------+-----+--------+
         Total |  31638 |  30098 |   1540 |  14488 |  11856 |  21 | 1506.6 |
       Dungeon |  18604 |  17651 |    953 |   6973 |   8190 |  14 | 1328.9 |
        Temple |     30 |     16 |     14 |      0 |      0 |   1 |   30.0 |
          Lair |  12475 |  11902 |    573 |   7218 |   3559 |   5 | 2495.0 |
        Bailey |    527 |    527 |      0 |    296 |    106 |   1 |  527.0 |
               +--------+--------+--------+--------+--------+-----+--------+

Top non-repeatable levels by time:
  Lair:5: 4924 daAuts
    D:12: 2472 daAuts
  Lair:3: 2276 daAuts
    D:10: 1980 daAuts
  Lair:2: 1936 daAuts
     D:9: 1906 daAuts
    D:13: 1884 daAuts
  Lair:1: 1686 daAuts
  Lair:4: 1651 daAuts
     D:8: 1502 daAuts
    D:11: 1495 daAuts
    D:14: 1481 daAuts
     D:6: 1159 daAuts
     D:2: 1037 daAuts
     D:5: 961 daAuts
